MID
CLINTON LUMBERKINGS @ BURLINGTON BEES
08/25/2047
 
TOP OF THE 1ST
Clinton LumberKings batting - Pitching for Burlington Bees : RHP Chris Russell
Pitching: RHP Chris Russell
Batting: RHB Julian Gregory 0-0: Called Strike
0-1: Ball
1-1: SINGLE (Flyball, 89S, EV 88.8 MPH)
Batting: SHB Ray Skogen 0-0: Called Strike
0-1: Called Strike
0-2: Ball
1-2: Foul Ball, location: 2F
1-2: Foul Ball, location: 2F
1-2: Foul Ball, location: 2F
1-2: Ball
2-2: Foul Ball, location: 2F
2-2: Ball
3-2: Ground out 6-3 (Groundball, 56, EV 81.2 MPH)
Julian Gregory to second
Batting: RHB Adan Lake 0-0: Ball
1-0: Ball
2-0: DOUBLE (Line Drive, 9LS, EV 110.6 MPH)
Julian Gregory scores
Batting: LHB Jason Kinney 0-0: Ball
1-0: DOUBLE (Groundball, 3L, EV 109.4 MPH)
Adan Lake scores
Batting: RHB Ching-hsia Zhang 0-0: Called Strike
0-1: Ball
1-1: Ground out 6-3 (Groundball, 56, EV 110.0 MPH)
Batting: RHB Heihachiro Fujita 0-0: Ball
1-0: Foul Ball, location: 2F
1-1: TRIPLE (Line Drive, 9D, EV 109.4 MPH)
Jason Kinney scores
Batting: RHB Doug Carter 0-0: Called Strike
0-1: Foul Ball, location: 2F
0-2: SINGLE (Groundball, 25, EV 62.5 MPH) (infield hit)
Heihachiro Fujita scores
Batting: RHB Egidius Kruger 0-0: Called Strike
0-1: Fielders Choice at 2nd, 6-4 (Groundball, 6, EV 103.1 MPH)
Top of the 1st over - 4 runs, 5 hits, 0 errors, 1 left on base; Clinton 4 - Burlington 0
BOTTOM OF THE 1ST
Burlington Bees batting - Pitching for Clinton LumberKings : LHP Chan-u Lee
Pitching: LHP Chan-u Lee
Batting: RHB Khalil Thurston 0-0: Foul Ball, location: 2F
0-1: Swinging Strike
0-2: Strikes out swinging
Batting: RHB Danny Bjarnson 0-0: Foul Ball, location: 2F
0-1: Ground out 3-1 (Groundball, 34, EV 84.4 MPH)
Batting: RHB Josh Faulconer 0-0: Ball
1-0: Called Strike
1-1: Foul Ball, location: 2F
1-2: Foul Ball, location: 2F
1-2: Foul Ball, location: 2F
1-2: SINGLE (Groundball, 56S, EV 98.1 MPH)
Batting: RHB Tomas Raya 0-0: Called Strike
Josh Faulconer steals 2nd base
0-1: Called Strike
0-2: Strikes out looking
Bottom of the 1st over - 0 runs, 1 hit, 0 errors, 1 left on base; Clinton 4 - Burlington 0
TOP OF THE 2ND
Clinton LumberKings batting - Pitching for Burlington Bees : RHP Chris Russell
Batting: RHB David Greene 0-0: SINGLE (Groundball, 34D, EV 96.2 MPH)
Batting: RHB Julian Gregory 0-0: Called Strike
David Greene steals 2nd base
0-1: Foul Ball, location: 2F
0-2: Ball
1-2: Ball
2-2: Strikes out swinging
Batting: SHB Ray Skogen 0-0: Ball
1-0: Ball
2-0: Called Strike
2-1: Foul Ball, location: 2F
2-2: Foul Ball, location: 2F
2-2: Strikes out swinging
Batting: RHB Adan Lake 0-0: Called Strike
0-1: Swinging Strike
0-2: Ball
1-2: Foul Ball, location: 2F
1-2: Foul Ball, location: 2F
1-2: Foul Ball, location: 2F
1-2: Ball
2-2: SINGLE (Groundball, 56D, EV 101.9 MPH)
David Greene to third
Throwing error, E7
David Greene scores
Adan Lake to second
Batting: LHB Jason Kinney 0-0: Ball
1-0: Foul Ball, location: 2F
1-1: Ball
2-1: Swinging Strike
2-2: Ball
3-2: Foul Ball, location: 2F
3-2: Strikes out swinging
Top of the 2nd over - 1 run, 2 hits, 1 error, 1 left on base; Clinton 5 - Burlington 0
BOTTOM OF THE 2ND
Burlington Bees batting - Pitching for Clinton LumberKings : LHP Chan-u Lee
Batting: LHB Brett Bugge 0-0: Ball
1-0: Ball
2-0: Ground out U3 (Groundball, 34, EV 100.6 MPH)
Batting: RHB Ryan Pelletier 0-0: Called Strike
0-1: Ground out 4-3 (Groundball, 4, EV 85.6 MPH)
Batting: RHB Davey Verhoog 0-0: SINGLE (Groundball, 56D, EV 101.2 MPH)
Batting: SHB Tim Connell 0-0: Called Strike
Davey Verhoog is caught stealing 2nd base 2-4
Bottom of the 2nd over - 0 runs, 1 hit, 0 errors, 0 left on base; Clinton 5 - Burlington 0
TOP OF THE 3RD
Clinton LumberKings batting - Pitching for Burlington Bees : RHP Chris Russell
Batting: RHB Ching-hsia Zhang 0-0: Called Strike
0-1: Foul Ball, location: 2F
0-2: Foul Ball, location: 2F
0-2: Ground out 5-3 (Groundball, 56S, EV 86.2 MPH)
Batting: RHB Heihachiro Fujita 0-0: Ball
1-0: Foul Ball, location: 2F
1-1: Ground out U3 (Groundball, 34, EV 103.1 MPH)
Batting: RHB Doug Carter 0-0: Foul Ball, location: 2F
0-1: SINGLE (Groundball, 34D, EV 105.0 MPH) (infield hit)
Pitching: RHP Owen Prouty
Batting: RHB Egidius Kruger 0-0: Ball
Doug Carter steals 2nd base
1-0: Ground out 3-1 (Groundball, 13, EV 81.9 MPH)
Top of the 3rd over - 0 runs, 1 hit, 0 errors, 1 left on base; Clinton 5 - Burlington 0
BOTTOM OF THE 3RD
Burlington Bees batting - Pitching for Clinton LumberKings : LHP Chan-u Lee
Batting: SHB Tim Connell 0-0: Called Strike
0-1: Ball
1-1: Swinging Strike
1-2: Strikes out swinging
Batting: LHB Barrfhionn O'Toole 0-0: Called Strike
0-1: DOUBLE (Flyball, 8LXD, EV 102.5 MPH)
Batting: RHB Khalil Thurston 0-0: Ball
1-0: Called Strike
1-1: Swinging Strike
1-2: Foul Ball, location: 2F
1-2: Fly out, F9 (Flyball, 9LD, EV 88.8 MPH)
Runner from 2nd tags up, SAFE at 3rd, no throw by RF
Batting: RHB Danny Bjarnson 0-0: Ground out 6-3 (Groundball, 6M, EV 81.2 MPH)
Bottom of the 3rd over - 0 runs, 1 hit, 0 errors, 1 left on base; Clinton 5 - Burlington 0
TOP OF THE 4TH
Clinton LumberKings batting - Pitching for Burlington Bees : RHP Owen Prouty
Batting: RHB David Greene 0-0: Called Strike
0-1: Called Strike
0-2: Foul Ball, location: 2F
0-2: Ball
1-2: Foul Ball, location: 2F
1-2: Ball
2-2: Foul Ball, location: 2F
2-2: Ball
3-2: Ground out 6-3 (Groundball, 6, EV 104.4 MPH)
Batting: RHB Julian Gregory 0-0: Ball
1-0: Ball
2-0: Ball
3-0: Base on Balls
Batting: SHB Ray Skogen 0-0: Ball
1-0: Ball
2-0: Ball
3-0: Base on Balls
Julian Gregory to second
Batting: RHB Adan Lake 0-0: Ball
1-0: Ground out U3 (Groundball, 3S, EV 61.9 MPH)
Julian Gregory to third
Ray Skogen to second
Batting: LHB Jason Kinney 0-0: Ball
1-0: Ball
2-0: Foul Ball, location: 2F
2-1: DOUBLE (Line Drive, 5D, EV 97.5 MPH)
Julian Gregory scores
Ray Skogen scores
Batting: RHB Ching-hsia Zhang 0-0: Called Strike
0-1: Ball
1-1: Ball
2-1: Foul Ball, location: 2F
2-2: Strikes out swinging
Top of the 4th over - 2 runs, 1 hit, 0 errors, 1 left on base; Clinton 7 - Burlington 0
BOTTOM OF THE 4TH
Burlington Bees batting - Pitching for Clinton LumberKings : LHP Chan-u Lee
Batting: RHB Josh Faulconer 0-0: Foul Ball, location: 2F
0-1: Foul Ball, location: 2F
0-2: Ball
1-2: Ball
2-2: Foul Ball, location: 2F
2-2: Ball
3-2: Foul Ball, location: 2F
3-2: Base on Balls
Batting: RHB Tomas Raya 0-0: Called Strike
Josh Faulconer steals 2nd base
0-1: Ball
1-1: Fly out, F4 (Flyball, 34D, EV 88.8 MPH)
Batting: LHB Brett Bugge 0-0: Swinging Strike
0-1: Foul Ball, location: 2F
0-2: Strikes out looking
Batting: RHB Ryan Pelletier 0-0: Ground out 5-3 (Groundball, 56S, EV 89.4 MPH)
Bottom of the 4th over - 0 runs, 0 hits, 0 errors, 1 left on base; Clinton 7 - Burlington 0
TOP OF THE 5TH
Clinton LumberKings batting - Pitching for Burlington Bees : RHP Owen Prouty
Batting: RHB Heihachiro Fujita 0-0: Swinging Strike
0-1: Fly out, F9 (Flyball, 9, EV 97.5 MPH)
Batting: RHB Doug Carter 0-0: Ball
1-0: Foul Ball, location: 2F
1-1: Ball
2-1: Swinging Strike
2-2: Ball
3-2: Strikes out swinging
Batting: RHB Egidius Kruger 0-0: Ground out 6-3 (Groundball, 6, EV 111.2 MPH)
Top of the 5th over - 0 runs, 0 hits, 0 errors, 0 left on base; Clinton 7 - Burlington 0
BOTTOM OF THE 5TH
Burlington Bees batting - Pitching for Clinton LumberKings : LHP Chan-u Lee
Batting: RHB Davey Verhoog 0-0: Ground out 4-3 (Groundball, 4, EV 81.2 MPH)
Batting: SHB Tim Connell 0-0: Ball
1-0: Fly out, F8 (Flyball, 8LD, EV 105.0 MPH)
Batting: LHB Barrfhionn O'Toole 0-0: Foul Ball, location: 2F
0-1: Ball
1-1: Ball
2-1: Ball
3-1: Foul Ball, location: 2F
3-2: Fly out, F7 (Flyball, 7S, EV 90.6 MPH)
Bottom of the 5th over - 0 runs, 0 hits, 0 errors, 0 left on base; Clinton 7 - Burlington 0
TOP OF THE 6TH
Clinton LumberKings batting - Pitching for Burlington Bees : RHP Owen Prouty
Batting: RHB David Greene 0-0: Called Strike
0-1: Foul Ball, location: 2F
0-2: Ball
1-2: Hit by Pitch
Pitching: RHP Jose Alvarado
Batting: RHB Julian Gregory 0-0: Ball
1-0: Ball
2-0: Called Strike
2-1: Foul Ball, location: 2F
2-2: Strikes out swinging
Batting: SHB Ray Skogen 0-0: Ball
1-0: Ball
2-0: Ball
3-0: Called Strike
3-1: Fly out, F7 (Line Drive, 7LS, EV 95.6 MPH)
Batting: RHB Adan Lake 0-0: Called Strike
David Greene steals 2nd, throwing error, E2
David Greene to third
0-1: Ball
1-1: DOUBLE (Line Drive, 9LM, EV 100.0 MPH)
David Greene scores
Batting: LHB Jason Kinney 0-0: Ball
1-0: Foul Ball, location: 2F
1-1: SINGLE (Flyball, 56D, EV 90.6 MPH)
Adan Lake to third
Batting: RHB Ching-hsia Zhang 0-0: Foul Ball, location: 2F
0-1: Ball
1-1: Swinging Strike
1-2: Strikes out swinging
Top of the 6th over - 1 run, 2 hits, 1 error, 2 left on base; Clinton 8 - Burlington 0
BOTTOM OF THE 6TH
Burlington Bees batting - Pitching for Clinton LumberKings : LHP Chan-u Lee
Batting: RHB Khalil Thurston 0-0: Ball
1-0: Swinging Strike
1-1: Ball
2-1: Ground out 6-3 (Groundball, 6, EV 90.0 MPH)
Batting: RHB Danny Bjarnson 0-0: Called Strike
0-1: Swinging Strike
0-2: Foul Ball, location: 2F
0-2: Ball
1-2: Ball
2-2: DOUBLE (Line Drive, 89D, EV 107.5 MPH)
Batting: RHB Josh Faulconer 0-0: Ball
1-0: Fly out, F9 (Flyball, 9, EV 91.9 MPH)
Batting: RHB Tomas Raya 0-0: Called Strike
0-1: Foul Ball, location: 2F
0-2: Foul Ball, location: 2F
0-2: Foul Ball, location: 2F
0-2: Ball
1-2: Ball
2-2: Foul Ball, location: 2F
2-2: Strikes out swinging
Bottom of the 6th over - 0 runs, 1 hit, 0 errors, 1 left on base; Clinton 8 - Burlington 0
TOP OF THE 7TH
Clinton LumberKings batting - Pitching for Burlington Bees : RHP Jose Alvarado
Batting: RHB Heihachiro Fujita 0-0: Ball
1-0: Called Strike
1-1: Ball
2-1: Reached on error, E4 (Groundball, 4S, EV 87.5 MPH)
Batting: RHB Doug Carter 0-0: Ball
1-0: Called Strike
1-1: Ball
2-1: Ball
3-1: SINGLE (Line Drive, 34D, EV 98.1 MPH)
Heihachiro Fujita to second
Runner from 2nd tries for 3rd, SAFE, throw by RF made to third
Pinch Hitting: RHB Rich Justice 0-0: Called Strike
0-1: Ball
Doug Carter steals 2nd base (no throw)
1-1: Called Strike
1-2: Ground out 6-3 (Groundball, 6, EV 106.2 MPH)
Heihachiro Fujita scores
Pitching: LHP Paul Griffin
Batting: RHB David Greene 0-0: Foul Ball, location: 2F
0-1: Ball
1-1: Ball
2-1: Ground out 1-3 (Groundball, 15S, EV 67.5 MPH)
Batting: RHB Julian Gregory 0-0: Ball
1-0: Called Strike
1-1: Ball
2-1: Foul Ball, location: 2F
2-2: Ball
3-2: Base on Balls
Batting: SHB Ray Skogen 0-0: Called Strike
0-1: Ball
1-1: Ball
2-1: Called Strike
2-2: Strikes out swinging
Top of the 7th over - 1 run, 1 hit, 1 error, 2 left on base; Clinton 9 - Burlington 0
BOTTOM OF THE 7TH
Burlington Bees batting - Pitching for Clinton LumberKings : LHP Chan-u Lee
Now at SS: Rich Justice
Batting: LHB Brett Bugge 0-0: Foul Ball, location: 2F
0-1: Foul Ball, location: 2F
0-2: Ball
1-2: Ball
2-2: Ground out 6-3 (Groundball, 6M, EV 98.1 MPH)
Batting: RHB Ryan Pelletier 0-0: Ball
1-0: Ball
2-0: Foul Ball, location: 2F
2-1: Ground out 6-3 (Groundball, 6S, EV 86.9 MPH)
Batting: RHB Davey Verhoog 0-0: Foul Ball, location: 2F
0-1: Ground out 5-3 (Groundball, 5, EV 101.2 MPH)
Bottom of the 7th over - 0 runs, 0 hits, 0 errors, 0 left on base; Clinton 9 - Burlington 0
TOP OF THE 8TH
Clinton LumberKings batting - Pitching for Burlington Bees : LHP Paul Griffin
Batting: RHB Adan Lake 0-0: Called Strike
0-1: Called Strike
0-2: Ball
1-2: Strikes out looking
Batting: LHB Jason Kinney 0-0: Ball
1-0: Ball
2-0: Fly out, F8 (Flyball, 8LM, EV 92.5 MPH)
Pinch Hitting: RHB Bryan Shuller 0-0: Ball
1-0: Ball
2-0: Ball
3-0: Called Strike
3-1: Base on Balls
Batting: RHB Heihachiro Fujita 0-0: Ball
1-0: Ground out U3 (Groundball, 3L, EV 89.4 MPH)
Top of the 8th over - 0 runs, 0 hits, 0 errors, 1 left on base; Clinton 9 - Burlington 0
BOTTOM OF THE 8TH
Burlington Bees batting - Pitching for Clinton LumberKings : LHP Chan-u Lee
Now at 2B: Bryan Shuller
Batting: SHB Tim Connell 0-0: Fly out, F9 (Line Drive, 9, EV 100.0 MPH)
Pinch Hitting: RHB Timoleon Tsikouna 0-0: Ball
1-0: Swinging Strike
1-1: Foul Ball, location: 2F
1-2: Ball
2-2: Foul Ball, location: 2F
2-2: Foul Ball, location: 2F
2-2: Ground out U3 (Groundball, 3, EV 77.5 MPH)
Batting: RHB Khalil Thurston 0-0: Ball
1-0: Called Strike
1-1: Ball
2-1: SOLO HOME RUN (Flyball, 7D, EV 98.1 MPH), Distance : 376 ft
Batting: RHB Danny Bjarnson 0-0: Ground out U3 (Groundball, 3, EV 88.8 MPH)
Bottom of the 8th over - 1 run, 1 hit, 0 errors, 0 left on base; Clinton 9 - Burlington 1
TOP OF THE 9TH
Clinton LumberKings batting - Pitching for Burlington Bees : LHP Paul Griffin
Now in LF: Mark Reeg
Now in CF: Davey Verhoog
Batting: RHB Doug Carter 0-0: Foul Ball, location: 2F
0-1: Ground out 4-3 (Groundball, 4S, EV 77.5 MPH)
Batting: RHB Rich Justice 0-0: Called Strike
0-1: Ball
1-1: Swinging Strike
1-2: Strikes out swinging, 2-3 out at first.
Batting: RHB David Greene 0-0: Called Strike
0-1: Ball
1-1: Ball
2-1: Ball
3-1: Called Strike
3-2: Ground out 5-3 (Groundball, 56, EV 84.4 MPH)
Top of the 9th over - 0 runs, 0 hits, 0 errors, 0 left on base; Clinton 9 - Burlington 1
BOTTOM OF THE 9TH
Burlington Bees batting - Pitching for Clinton LumberKings : LHP Chan-u Lee
Pitching: RHP Ramon Pedroza
Batting: RHB Josh Faulconer 0-0: Ball
1-0: Ground out 6-3 (Groundball, 6, EV 84.4 MPH)
Batting: RHB Tomas Raya 0-0: Ball
1-0: Ball
2-0: SINGLE (Groundball, 4D, EV 100.0 MPH)
Batting: LHB Brett Bugge 0-0: Foul Ball, location: 2F
0-1: Hit by Pitch
Tomas Raya to second
Batting: RHB Ryan Pelletier 0-0: Foul Ball, location: 2F
0-1: Swinging Strike
0-2: Ball
1-2: Ball
2-2: Strikes out swinging
Batting: RHB Davey Verhoog 0-0: Called Strike
0-1: SINGLE (Line Drive, 4D, EV 100.6 MPH)
Tomas Raya to third
Brett Bugge to second
Batting: SHB Tim Connell 0-0: Called Strike
0-1: Fly out, F9 (Line Drive, 9, EV 101.9 MPH)
Bottom of the 9th over - 0 runs, 2 hits, 0 errors, 3 left on base; Clinton 9 - Burlington 1
Thursday, December 15th , 2022 - OOTP Baseball 23.9 Build 102